 Dungeon Crawl Stone Soup version 0.26-a0-665-gefeb406119 (webtiles) character file.

Game seed: 666066564062925782

309052 grandjackal the Warrior (level 20, -1/174 HPs)
             Began as a Demonspawn Gladiator on Oct 15, 2020.
             Was the Champion of Dithmenos.
             Slain by Mennas
             ... wielding a +0 sacred scourge of holy wrath
              (12 damage)
             ... on level 2 of the Vaults.
             The game lasted 01:32:33 (40828 turns).

grandjackal the Warrior (Demonspawn Gladiator)     Turns: 40828, Time: 01:32:34

Health: -1/174     AC: 11    Str: 20    XL:     20   Next: 36%
Magic:  0/10       EV: 22    Int: 10    God:    Dithmenos [******]
Gold:   4503       SH: 17    Dex: 25    Spells: 19/19 levels left

rFire    + . .     SeeInvis .   J - +9 double sword (antimagic)
rCold    + + +     Faith    .   r - +2 kite shield
rNeg     + . .     Spirit   +   M - +0 troll leather armour
rPois    +         Reflect  .   (helmet unavailable)
rElec    .         Harm     .   T - +2 cloak {rPois}
rCorr    .         Rampage  .   V - +2 pair of gloves {Dex+3}
MR       +....                  Q - +2 pair of boots
Stlth    +++++++...             l - amulet of guardian spirit
HPRegen  0.79/turn              A - +4 ring of slaying
MPRegen  0.12/turn              C - ring "Genkoefe" {rPois rF+ rC+++ Str-2 Int+2}

@: silenced
A: horns 3, thin skeletal structure 3, deformed body, dopey 1, foul stench 2,
negative energy resistance 1, spiny 2, rot immunity
}: 2/15 runes: barnacled, gossamer
a: Renounce Religion


You were on level 2 of the Vaults.
You worshipped Dithmenos.
Dithmenos was exalted by your worship.
You visited 8 branches of the dungeon, and saw 37 of its levels.
You visited the Abyss 2 times.

You collected 5125 gold pieces.
You spent 622 gold pieces at shops.

Inventory:

Hand Weapons
 a - a +2 dagger of venom
 J - a +9 antimagic double sword (weapon)
Missiles
 d - 11 throwing nets (quivered)
Armour
 r - a +2 kite shield (worn)
 M - a +0 troll leather armour (worn)
 Q - a +2 pair of boots (worn)
 T - a +2 cloak of poison resistance (worn)
 V - a +2 pair of gloves of dexterity (worn)
Jewellery
 h - an uncursed ring of resist corrosion
 l - an amulet of guardian spirit (around neck)
 y - an uncursed ring of see invisible
 A - a +4 ring of slaying (left hand)
 C - the ring "Genkoefe" (right hand) {rPois rF+ rC+++ Str-2 Int+2}
   (You took it off a deep elf blademaster on level 3 of the Elven Halls)

   [ring of protection from fire]

   It affects your strength (-2).
   It affects your intelligence (+2).
   It protects you from fire.
   It renders you almost immune to cold.
   It protects you from poison.
 X - the ring "Oloyggur" {rPois MR+}
   (You took it off a deep elf death mage on level 3 of the Elven Halls)

   [ring of protection from magic]

   It protects you from poison.
   It affects your resistance to hostile enchantments.
Wands
 q - a wand of disintegration (19)
 D - a wand of flame (20)
 G - a wand of iceblast (6)
 O - a wand of digging (20)
Scrolls
 b - 17 scrolls of teleportation
 c - a scroll of enchant weapon
 j - 3 scrolls of magic mapping
 m - 4 scrolls of enchant armour
 o - 4 scrolls of fog
 s - 10 scrolls of blinking
 t - 15 scrolls of remove curse
 v - 4 scrolls of identify
 K - 2 scrolls of vulnerability
 P - 2 scrolls of amnesia
 U - 5 scrolls of immolation
 W - 5 scrolls of fear
 Y - 2 scrolls of torment
 Z - 2 scrolls of summoning
Potions
 e - 2 potions of flight
 f - 20 potions of curing
 g - 5 potions of berserk rage
 i - 3 potions of stabbing
 k - 3 potions of lignification
 n - 7 potions of resistance
 p - 8 potions of haste
 u - 8 potions of magic
 w - 14 potions of ambrosia
 x - 5 potions of might
 z - 5 potions of brilliance
 E - a potion of heal wounds
 F - 3 potions of cancellation
 S - 7 potions of mutation
Miscellaneous
 H - a condenser vane (2/2)
 N - a phantom mirror


   Skills:
 + Level 19.5 Fighting
 + Level 18.2 Long Blades
 - Level 1.7 Throwing
 - Level 10.0 Dodging
 - Level 8.5 Stealth
 - Level 15.2 Shields
 - Level 15.1 Invocations


You had 19 spell levels left.
You didn't know any spells.
Your spell library contained the following spells:

 Spells                   Type           Power        Failure   Level
 Animate Skeleton         Necr           #.....       41%         1
 Apportation              Tloc           #.....       41%         1
 Corona                   Hex            #......      41%         1
 Foxfire                  Conj/Fire      #...         41%         1
 Sandblast                Erth           #.....       41%         1
 Sting                    Tmut/Pois      #...         41%         1
 Summon Small Mammal      Summ           #...         41%         1
 Corpse Rot               Necr/Air       N/A          56%         2
 Ensorcelled Hibernation  Hex/Ice        #.....       56%         2
 Passwall                 Tmut/Erth      #.......     56%         2
 Poisonous Vapours        Pois/Air       #.....       56%         2
 Slow                     Hex            #.......     56%         2
 Sublimation of Blood     Necr           #.........   56%         2
 Wereblood                Tmut           #.......     56%         2
 Confusing Touch          Hex            #.......     80%         3
 Conjure Flame            Conj/Fire      #.......     80%         3
 Dazzling Flash           Conj/Hex       #.....       80%         3
 Ignite Poison            Fire/Tmut/Pois #.......     80%         3
 Inner Flame              Hex/Fire       #.......     80%         3
 Mephitic Cloud           Conj/Pois/Air  #.......     80%         3
 Portal Projectile        Hex/Tloc       #.....       80%         3
 Tukima's Dance           Hex            #.......     80%         3
 Cause Fear               Hex            #.........   99%         4
 Dispel Undead            Necr           #.......     99%         4
 Leda's Liquefaction      Hex/Erth       #.........   99%         4
 Olgreb's Toxic Radiance  Pois           #.......     99%         4
 Petrify                  Tmut/Erth      #.......     99%         4
 Sticky Flame             Conj/Fire      #.......     99%         4
 Summon Lightning Spire   Summ/Air       #.......     99%         4
 Agony                    Necr           #.......     100%        5
 Bolt of Magma            Conj/Fire/Erth #.........   100%        5
 Excruciating Wounds      Necr           #.........   100%        5
 Fireball                 Conj/Fire      #.........   100%        5
 Irradiate                Conj/Tmut      #.........   100%        5
 Iskenderun's Battlesphe  Conj           #.......     100%        5
 Lightning Bolt           Conj/Air       #.........   100%        5
 Silence                  Hex/Air        #.........   100%        5
 Conjure Ball Lightning   Conj/Air       #.........   100%        6
 Eringya's Noxious Bog    Tmut/Pois      #.........   100%        6
 Freezing Cloud           Conj/Ice/Air   #.........   100%        6
 Hydra Form               Tmut           #.........   100%        6
 Iron Shot                Conj/Erth      #.........   100%        6
 Starburst                Conj/Fire      #.........   100%        6
 Statue Form              Tmut/Erth      #........    100%        6
 Dragon Form              Tmut           #.........   100%        7
 Orb of Destruction       Conj           #.........   100%        7
 Spellforged Servitor     Conj/Summ      #.........   100%        7
 Tornado                  Air            #.........   100%        9


Dungeon Overview and Level Annotations

Branches:
Dungeon (15/15)            Temple (1/1) D:4            Lair (6/6) D:11
 Shoals (4/4) Lair:3       Spider (4/4) Lair:4        Slime (0/5) Lair:5
    Orc (2/2) D:10            Elf (3/3) Orc:2        Vaults (2/5) D:13
 Depths (0/5) D:15
  Crypt: Vaults:2-3

Altars:
Ashenzari
Cheibriados
Dithmenos
Elyvilon
Fedhas
Gozag
Hepliaklqana
Kikubaaqudgha
Makhleb
Nemelex Xobeh
Okawaru
Qazlal
Ru
Sif Muna
Trog
Uskayaw
Vehumet
Wu Jian
Xom
Yredelemnul
Zin
The Shining One
Beogh
Jiyva

Shops:
D:6 !*   D:8 *   Orc:1 *   Orc:2 (:([

Annotations:
Lair:5 1 runed translucent door
Elf:2 3 runed translucent doors
Vaults:2 Mennas


Innate Abilities, Weirdness & Mutations

You have a pair of large horns on your head.
You have an unnaturally thin skeletal structure. (Dex +6, Stealth++)
You frequently emit foul miasma when damaged in melee.
You resist negative energy. (rN+)
You are mostly covered in sharp spines.
You are immune to rotting.
Armour fits poorly on your strangely shaped body.
You are dopey. (Int -2)


Message History

Unknown command.
Throwing (i - inventory)
d - 12 throwing nets (quivered)
Press: ? - help, Shift-Dir - straight line, f - Mennas
Aim: Mennas, wielding a +0 sacred scourge of holy wrath and wearing a +0 tower shield (foul pestilence, silenced, severely wounded, radiating silence)
You throw a throwing net.
Mennas blocks the throwing net.
Your shadow throws a throwing net.
The throwing net hits Mennas.
Mennas is caught in the net!
The throwing net disappears in a puff of smoke!
You block Mennas's attack.
Mennas hits you with a +0 sacred scourge of holy wrath!
* * * LOW HITPOINT WARNING * * *
You convulse!
* * * LOW HITPOINT WARNING * * *
You feel much better. Mennas is struck by your spines.
Mennas hits you with a +0 sacred scourge of holy wrath!!
* * * LOW HITPOINT WARNING * * *
You convulse!
* * * LOW HITPOINT WARNING * * *
Mennas hits you with a +0 sacred scourge of holy wrath!
You die...

#...... #......
#......
############'' #####
#8............
#....##
#.............
#...§###.........8...
##§A§§##...##########
##.§§@§§#...#
#..§§§§§#...#
.......#..'...#
......###.#...#
#....# ###...# ##...
#..8# ##. #...# ##
#...# #...#


You could see Mennas (silencing).

Vanquished Creatures
  Jorgrun (Elf:1)
  2 deep elf blademasters (Elf:3)
  2 deep elf master archers (Elf:3)
  2 tentacled starspawn (Abyss:3)
  Kirke (Elf:1)
  Donald (Orc:2)
  A frost giant (Shoals:4)
  6 ghost moths (Spider:4)
  Louise (Shoals:1)
  8 deep elf sorcerers
  3 vault wardens
  A cacodemon (Abyss:2)
  3 deep elf elementalists (Elf:3)
  An orc warlord (Orc:1)
  An emperor scorpion (Spider:4)
  3 ironheart preservers (Vaults:1)
  3 entropy weavers
  9 deep elf demonologists (Elf:3)
  8 deep elf annihilators
  5 spark wasps
  Nessos (D:13)
  Azrael (Elf:1)
  2 merfolk javelineers
  Josephine (D:13)
  5 deep elf death magi
  7 ogre magi
  Snorg (D:14)
  A great orb of eyes (Abyss:2)
  10 merfolk impalers
  Fannar (D:12)
  A yaktaur captain (Vaults:1)
  Harold (D:9)
  4 deep elf high priests (Elf:3)
  2 rakshasas
  3 vault guards
  11 hydras
  3 merfolk avatars
  6 boulder beetles
  3 centaur warriors
  4 catoblepae
  24 two-headed ogres
  7 merfolk aquamancers
  14 death yaks
  A satyr (Shoals:4)
  2 alligator snapping turtles
  8 dancing weapons
  2 orc high priests
  17 deep elf knights
  Sonja (Lair:2)
  2 small abominations
  A hell knight (Abyss:2)
  Nergalle (D:11)
  2 sixfirhies (Abyss:2)
  5 skeletal warriors (D:13)
  A spatial maelstrom (Abyss:2)
  4 wretched stars (Abyss:2)
  5 deep trolls (Vaults:1)
  A wizard (Elf:1)
  8 sea snakes
  A glowing orange brain (D:15)
  9 deep elf archers
  5 unseen horrors
  A harpy (shapeshifter) (D:15)
  3 ironbrand convokers (Vaults:1)
  A sphinx zombie (Vaults:1)
  A tengu zombie (Vaults:1)
  2 orc sorcerers (Orc:1)
  3 orc knights (Vaults:1)
  18 harpies
  A wolf spider zombie (D:15)
  17 orb spiders
  A necromancer (Vaults:1)
  56 deep elf magi
  28 wolf spiders
  14 ugly things
  7 fauns
  6 cyclopes
  14 manticores
  A faun (shapeshifter) (Elf:3)
  A moth of wrath (Spider:4)
  2 human skeletons (Vaults:1)
  A salamander (shapeshifter) (D:13)
  13 elephants
  A smoke demon (Abyss:2)
  Psyche (D:12)
  3 black mambas
  9 merfolk sirens
  2 vault sentinels (Vaults:1)
  3 water nymphs
  3 gargoyles
  2 torpor snails
  9 yaktaurs
  4 rime drakes
  A centaur skeleton (D:15)
  9 cane toads
  A rime drake (shapeshifter) (D:15)
  7 komodo dragons
  4 kobold demonologists (D:14)
  13 demonic crawlers
  2 tengu conjurers (D:15)
  14 trolls
  35 jumping spiders
  30 merfolk
  An ancient zyme (Abyss:2)
  6 meliai
  A queen bee (D:10)
  4 wind drakes
  A polar bear (Lair:3)
  35 blink frogs
  A hornet (shapeshifter) (D:13)
  8 hornets
  A blink frog (shapeshifter) (Elf:1)
  Prince Ribbit (D:9)
  14 slime creatures
  A slime creature (shapeshifter) (D:15)
  6 dream sheep (Lair:5)
  An alligator zombie (Abyss:2)
  9 snapping turtles
  A spriggan (shapeshifter) (D:15)
  2 air elementals
  A shadow (D:14)
  76 redbacks
  A ynoxinul (Abyss:2)
  A vampire (D:13)
  11 tarantellas
  2 hogs (shapeshifter) (D:15)
  A yak (shapeshifter) (Elf:2)
  7 wraiths
  14 water elementals
  4 fire elementals (Elf:1)
  57 yaks
  14 wyverns
  7 basilisks
  2 large abominations
  A hog (Elf:1)
  A neqoxec (Abyss:3)
  A yaktaur simulacrum (Vaults:2)
  2 wargs
  4 swamp worms (Lair:3)
  An acid dragon (D:15)
  17 water moccasins
  4 hell hounds
  29 orc warriors
  A black bear (D:8)
  An eye of draining (D:14)
  2 ice beasts
  6 sky beasts
  A necrophage (D:14)
  48 ogres
  3 phantoms
  3 wolves (Lair:3)
  7 boggarts
  12 centaurs
  5 big kobolds
  24 bullfrogs
  2 wyvern zombies
  2 earth elementals
  8 scorpions
  A water moccasin skeleton (D:12)
  28 killer bees
  15 wights
  3 howler monkeys (D:14)
  5 electric eels
  3 centaur zombies
  2 quasits
  14 orc priests
  2 bullfrog skeletons
  A gnoll shaman (D:6)
  6 hounds
  2 jellies
  17 orc wizards
  2 iguanas
  4 hell rats (D:14)
  14 worker ants
  A howler monkey zombie (D:9)
  A worker ant zombie (D:6)
  10 gnolls
  10 adders
  3 shadow imps
  5 white imps
  3 ufetubi
  2 adder zombies
  4 worms
  2 dart slugs
  3 leopard geckos
  67 orcs
  2 ball pythons
  4 bats
  2 giant cockroaches
  5 goblins
  9 hobgoblins
  23 jackals
  24 kobolds
  11 quokkas
  6 frilled lizards
  A quokka zombie (D:5)
  4 rats
1392 creatures vanquished.

Vanquished Creatures (others)
  A merfolk aquamancer (Shoals:4)
  A deep elf archer (Elf:3)
  A deep elf mage (Elf:2)
  A wolf spider (Spider:3)
  A shadow (D:13)
  A tarantella (Spider:3)
  A wraith (D:13)
  3 humans (Elf:1)
  An ogre (D:9)
  2 orcs
  15 fungi
  61 plants
  4 starspawn tentacles (Abyss:3)
93 creatures vanquished.

Grand Total: 1485 creatures vanquished

Notes
Turn   | Place    | Note
-------+----------+-------------------------------------------
     0 | D:1      | grandjackal the Demonspawn Gladiator began the quest for
                  | the Orb.
     0 | D:1      | Reached XP level 1. HP: 16/16 MP: 1/1
   327 | D:1      | Gained mutation: You have a somewhat thin skeletal
                  | structure. (Dex +2, Stealth) [demonic ancestry]
   327 | D:1      | Reached XP level 2. HP: 13/22 MP: 2/2
  1127 | D:2      | Found a white marble altar of Elyvilon.
  1221 | D:2      | You fall into a shaft and drop 2 floors!
  1221 | D:4      | Found a staircase to the Ecumenical Temple.
  1673 | D:2      | Gained mutation: You have a moderately thin skeletal
                  | structure. (Dex +4, Stealth+) [demonic ancestry]
  1673 | D:2      | Reached XP level 3. HP: 28/28 MP: 3/3
  1989 | D:3      | Reached skill level 3 in Fighting
  1989 | D:3      | Reached XP level 4. HP: 35/35 MP: 4/4
  2590 | D:3      | Found a stormy altar of Qazlal.
  3216 | D:4      | Gained mutation: You are immune to rotting. [demonic
                  | ancestry]
  3216 | D:4      | Reached XP level 5. HP: 41/41 MP: 5/5
  3797 | D:4      | Noticed an ogre
  3805 | D:4      | Killed an ogre
  4015 | D:5      | Entered Level 5 of the Dungeon
  4016 | D:5      | Noticed a sky beast
  4027 | D:5      | Killed a sky beast
  4027 | D:5      | Reached skill level 4 in Fighting
  4027 | D:5      | Gained mutation: You have a pair of small horns on your
                  | head. [demonic ancestry]
  4027 | D:5      | Reached XP level 6. HP: 48/48 MP: 6/6
  4151 | Temple   | Entered the Ecumenical Temple
  4229 | Temple   | Became a worshipper of Dithmenos the Shadowed
  4449 | D:5      | Reached skill level 1 in Stealth
  4638 | D:5      | Noticed an ice beast
  4645 | D:5      | Killed an ice beast
  4645 | D:5      | Gained mutation: You are partially covered in sharp spines.
                  | [demonic ancestry]
  4645 | D:5      | Reached XP level 7. HP: 55/55 MP: 7/7
  5105 | D:6      | Reached * piety under Dithmenos
  5105 | D:6      | Reached skill level 5 in Fighting
  5126 | D:6      | Found Usenus's Assorted Antiques.
  5138 | D:6      | Reached skill level 5 in Dodging
  5148 | D:6      | Bought a scroll labeled HEUGAUK OHOIKHLI for 28 gold pieces
  5148 | D:6      | Bought a grey potion for 25 gold pieces
  5191 | D:6      | Found Tatt's Distillery.
  5203 | D:6      | Reached skill level 5 in Long Blades
  5205 | D:6      | Bought a potion of degeneration for 15 gold pieces
  5205 | D:6      | Bought a potion of cancellation for 120 gold pieces
  5205 | D:6      | Bought a potion of invisibility for 120 gold pieces
  5488 | D:6      | Reached XP level 8. HP: 61/63 MP: 8/8
  6161 | D:7      | Reached skill level 6 in Fighting
  6189 | D:7      | Reached ** piety under Dithmenos
  6425 | D:7      | Found a radiant altar of Vehumet.
  6700 | D:7      | Found a glowing golden altar of the Shining One.
  7002 | D:8      | Gained mutation: You may emit foul miasma when damaged in
                  | melee. [demonic ancestry]
  7002 | D:8      | Reached XP level 9. HP: 52/71 MP: 6/9
  7245 | D:8      | Found Soumoss's Assorted Antiques.
  7245 | D:8      | Noticed a two-headed ogre
  7260 | D:8      | Reached skill level 5 in Stealth
  7711 | D:8      | Killed a two-headed ogre
  7711 | D:8      | Reached skill level 7 in Fighting
  7733 | D:8      | Bought a scroll labeled BAKOPH SAOVENT for 26 gold pieces
  8170 | D:9      | Found a broken altar of Ashenzari.
  8183 | D:9      | Noticed Prince Ribbit
  8193 | D:9      | Killed Prince Ribbit
  8285 | D:9      | Noticed a troll
  8308 | D:9      | Killed a troll
  8311 | D:9      | Gained mutation: You have a pair of horns on your head.
                  | [demonic ancestry]
  8311 | D:9      | Reached XP level 10. HP: 43/80 MP: 4/10
  8329 | D:9      | Found an iron altar of Okawaru.
  8415 | D:9      | Noticed a two-headed ogre
  8429 | D:9      | Reached skill level 8 in Fighting
  8434 | D:9      | Killed a two-headed ogre
  8434 | D:9      | Reached *** piety under Dithmenos
  8497 | D:9      | Noticed Harold
  8517 | D:9      | Killed Harold
  8862 | D:9      | Found a flagged portal.
  9178 | D:9      | Reached skill level 9 in Fighting
  9464 | D:10     | Entered Level 10 of the Dungeon
  9464 | D:10     | Found a stormy altar of Qazlal.
  9503 | D:10     | Gained mutation: You frequently emit foul miasma when
                  | damaged in melee. [demonic ancestry]
  9503 | D:10     | Reached XP level 11. HP: 68/89 MP: 9/11
  9637 | D:10     | Found a staircase to the Orcish Mines.
  9965 | D:10     | Reached **** piety under Dithmenos
 11266 | D:11     | Reached skill level 1 in Invocations
 11401 | D:11     | Noticed an unseen horror
 11406 | D:11     | Killed an unseen horror
 11466 | D:11     | Noticed a death yak
 11469 | D:11     | Found a staircase to the Lair.
 11469 | D:11     | Noticed a death yak
 11469 | D:11     | Noticed a death yak
 11477 | D:11     | Killed a death yak
 11520 | D:11     | Killed a death yak
 11520 | D:11     | Reached skill level 10 in Fighting
 11524 | D:11     | Killed a death yak
 11691 | D:11     | Reached ***** piety under Dithmenos
 12177 | D:12     | Noticed Nergalle
 12177 | D:12     | Noticed Fannar
 12186 | D:12     | Noticed a spectral orc warlord
 12284 | D:11     | Killed Nergalle
 12284 | D:11     | Gained mutation: You have an unnaturally thin skeletal
                  | structure. (Dex +6, Stealth++) [demonic ancestry]
 12284 | D:11     | Reached XP level 12. HP: 98/98 MP: 15/15
 12340 | D:12     | Killed Fannar
 12340 | D:12     | Reached skill level 5 in Invocations
 12407 | D:12     | Noticed Psyche
 12414 | D:12     | Killed Psyche
 12638 | D:12     | Noticed a two-headed ogre
 12650 | D:12     | Killed a two-headed ogre
 12685 | D:12     | Paralysed by a hornet for 2 turns
 12769 | D:12     | Noticed a six-headed hydra
 12804 | D:12     | Killed a six-headed hydra
 12804 | D:12     | Reached skill level 10 in Long Blades
 12804 | D:12     | Reached skill level 10 in Dodging
 13061 | Orc:1    | Entered Level 1 of the Orcish Mines
 13105 | Orc:1    | Found Usteiggo's Assorted Antiques.
 13134 | Orc:1    | Found a burning altar of Makhleb.
 13139 | Orc:1    | Bought a scroll labeled UMYSHR CYHE for 37 gold pieces
 13139 | Orc:1    | Bought a scroll labeled BOLIJO WURU for 37 gold pieces
 13203 | Orc:1    | Reached skill level 1 in Shields
 13250 | Orc:1    | Noticed an orc high priest
 13251 | Orc:1    | Noticed an orc warlord
 13455 | Orc:1    | Paralysed by an orc sorcerer for 5 turns
 13632 | Orc:1    | Killed an orc high priest
 13647 | Orc:1    | Paralysed by an orc sorcerer for 7 turns
 13670 | Orc:1    | Reached skill level 11 in Fighting
 13683 | Orc:1    | Killed an orc warlord
 13797 | Orc:1    | Got a transparent scimitar
 14002 | Orc:1    | Identified the cursed +0 scimitar of Courage {vorpal, rPois
                  | rN+ Str+4 Int+5} (You found it on level 1 of the Orcish
                  | Mines)
 14042 | Orc:2    | Entered Level 2 of the Orcish Mines
 14116 | Orc:2    | Noticed a two-headed ogre
 14214 | Orc:2    | Found a burning altar of Makhleb.
 14252 | Orc:2    | Noticed a two-headed ogre
 14254 | Orc:2    | Noticed a two-headed ogre
 14262 | Orc:2    | Killed a two-headed ogre
 14293 | Orc:2    | Noticed an ogre mage
 14294 | Orc:2    | Killed a two-headed ogre
 14315 | Orc:1    | Killed a two-headed ogre
 14377 | Orc:2    | Killed an ogre mage
 14389 | Orc:2    | Gained mutation: You have a pair of large horns on your
                  | head. [demonic ancestry]
 14389 | Orc:2    | Reached XP level 13. HP: 91/106 MP: 16/19
 14846 | Orc:2    | Reached skill level 5 in Shields
 14861 | Orc:2    | Noticed Donald
 14891 | Orc:2    | Killed Donald
 14932 | Orc:2    | Reached skill level 12 in Fighting
 15030 | Orc:2    | Reached skill level 10 in Invocations
 15056 | Orc:2    | Found Geud's Antique Weapon Boutique.
 15056 | Orc:2    | Found Zepoul's Book Emporium.
 15057 | Orc:2    | Found Wuusim's Antique Weapon Emporium.
 15057 | Orc:2    | Found Tohusemu's Armour Shop.
 15066 | Orc:2    | Bought a +1 pair of gloves of dexterity for 214 gold pieces
 15252 | Orc:2    | Found a staircase to the Elven Halls.
 15624 | Lair:1   | Entered Level 1 of the Lair of Beasts
 16732 | Lair:2   | Noticed Sonja
 16735 | Lair:2   | Killed Sonja
 17099 | Lair:3   | Reached XP level 14. HP: 116/116 MP: 22/22
 17474 | Lair:3   | Found a staircase to the Shoals.
 18541 | Lair:4   | Found a hole to the Spider Nest.
 18546 | Lair:4   | Reached ****** piety under Dithmenos
 19009 | Lair:5   | Reached skill level 13 in Fighting
 19339 | Lair:5   | Found a runed translucent door.
 19340 | Lair:5   | Found a viscous altar of Jiyva.
 19340 | Lair:5   | Noticed an acid blob
 19340 | Lair:5   | Noticed an acid blob
 19342 | Lair:5   | Found a staircase to the Slime Pits.
 19947 | Lair:6   | Entered Level 6 of the Lair of Beasts
 20456 | Lair:6   | Reached XP level 15. HP: 124/124 MP: 24/24
 21498 | D:13     | Reached skill level 14 in Fighting
 21504 | D:13     | Noticed Josephine
 21512 | D:13     | Killed Josephine
 21534 | D:13     | Paralysed by a hornet for 3 turns
 21897 | D:13     | Identified a scroll of acquirement
 21903 | D:13     | Acquired a +3 antimagic double sword
 21966 | D:13     | Noticed Nessos
 22326 | D:13     | Killed Nessos
 22706 | D:13     | Found a gate to the Vaults.
 23545 | D:14     | Found a hide-covered altar of Uskayaw.
 23681 | D:14     | Noticed Snorg
 23693 | D:14     | Killed Snorg
 23693 | D:14     | Reached skill level 10 in Shields
 23773 | D:14     | Reached XP level 16. HP: 125/134 MP: 7/26
 24200 | D:15     | Entered Level 15 of the Dungeon
 25045 | D:15     | Reached skill level 15 in Invocations
 25067 | D:15     | Found a staircase to the Depths.
 25571 | Spider:1 | Entered Level 1 of the Spider Nest
 26121 | Spider:2 | Reached skill level 15 in Fighting
 27625 | Spider:3 | Reached XP level 17. HP: 142/142 MP: 9/28
 27815 | Spider:4 | Entered Level 4 of the Spider Nest
 28687 | Spider:4 | Reached skill level 16 in Fighting
 28701 | Spider:4 | Reached skill level 15 in Long Blades
 29058 | Spider:4 | Got a gossamer rune of Zot
 29478 | Elf:1    | Entered Level 1 of the Elven Halls
 29680 | Elf:1    | Noticed Azrael
 29696 | Elf:1    | Killed Azrael
 30005 | Elf:1    | Noticed Kirke
 30022 | Elf:1    | Killed Kirke
 30094 | Elf:1    | Noticed Jorgrun
 30108 | Elf:1    | Killed Jorgrun
 30869 | Elf:2    | Reached XP level 18. HP: 136/153 MP: 7/29
 31529 | Elf:2    | Found a runed translucent gate.
 31529 | Elf:2    | Found a runed translucent gate.
 31530 | Elf:2    | Found a runed translucent gate.
 31534 | Elf:2    | Reached skill level 17 in Fighting
 31625 | Elf:3    | Entered Level 3 of the Elven Halls
 32048 | Elf:3    | Found a shimmering blue altar of Sif Muna.
 32153 | Elf:3    | Identified the +4 war axe of the Scorpion {flame, MR+ Str+2
                  | Dex+4}
 32434 | Elf:3    | Cast into level 2 of the Abyss (a deep elf demonologist)
 32494 | Abyss:2  | Gained mutation: You are dopey. (Int -2) [a cacodemon]
 33027 | Elf:3    | Escaped the Abyss
 33029 | Elf:3    | Identified the +2 robe "Aptiyhi" {rN+}
 33030 | Elf:3    | Noticed a Hell Sentinel
 33031 | Elf:3    | Identified the ring "Oloyggur" {rPois MR+}
 33058 | Elf:3    | Identified the ring "Genkoefe" {rPois rF+ rC+++ Str-2
                  | Int+2}
 33062 | Elf:3    | Identified the +7 flail of Abomination {vamp, rC+ rN+}
 33474 | Elf:3    | Gained mutation: Armour fits poorly on your strangely
                  | shaped body. [a neqoxec]
 33477 | Elf:3    | Cast into level 3 of the Abyss (a deep elf demonologist)
 33514 | Elf:3    | Escaped the Abyss
 33608 | Elf:3    | Gained mutation: You are mostly covered in sharp spines.
                  | [demonic ancestry]
 33608 | Elf:3    | Reached XP level 19. HP: 163/163 MP: 10/30
 33720 | Elf:3    | Noticed a Brimstone Fiend
 33731 | Elf:3    | Identified the +6 rapier of Udetiump {antimagic, Dex+7
                  | Stlth-}
 33755 | Elf:3    | Reached skill level 18 in Fighting
 33849 | Elf:3    | Identified the Almanac of Stones and Blows and Bruises
 33896 | Elf:3    | Got a dazzling cloak
 33897 | Elf:3    | Identified the +0 cloak of Moral Flaws {rC++ Dex+6 Slay-2}
                  | (You found it on level 3 of the Elven Halls)
 33937 | Elf:3    | Identified the Incunabulum of Shifting Contamination
 34237 | Shoals:1 | Entered Level 1 of the Shoals
 34619 | Shoals:1 | Noticed Louise
 34627 | Shoals:1 | Killed Louise
 36442 | Shoals:4 | Entered Level 4 of the Shoals
 36768 | Shoals:4 | Reached skill level 15 in Shields
 37287 | Shoals:4 | HP: 8/165 [merfolk impaler/+2 trident of freezing (16)]
 37639 | Shoals:4 | Got a barnacled rune of Zot
 38516 | Vaults:1 | Entered Level 1 of the Vaults
 38996 | Vaults:1 | Gained mutation: You resist negative energy. (rN+) [demonic
                  | ancestry]
 38996 | Vaults:1 | Reached XP level 20. HP: 172/172 MP: 31/31
 38997 | Vaults:1 | Reached skill level 19 in Fighting
 40098 | Vaults:1 | Found a roughly hewn altar of Beogh.
 40816 | Vaults:2 | Noticed Mennas
 40828 | Vaults:2 | Slain by Mennas

Illustrated notes

Levels and vault maps discovered:
D:1:      sevenhm_arrival_forest_fort_large_2, layout_basic
D:2:      layout_loops_ring, elyvilon_altar_5
D:3:      minmay_angry_zag, layout_basic, nicolae_overflow_crystal_walls,
          serial_rivers, chequers_serial_rivers_small_b,
          chequers_serial_rivers_micro_c, chequers_serial_rivers_room_a,
          chequers_serial_rivers_micro_c, minmay_misc_feat_ornament
D:4:      layout_loops_corners, temple_hall, sigmund_army
D:5:      layout_rooms
D:6:      layout_rooms, serial_shops, shop,
          nicolae_shop_temple_entry_statues_fountains
D:7:      layout_rooms, tso_altar, vehumet_altar_wand_db, serial_bayou_crossing
D:8:      layout_basic, serial_shops, shop_fountains
D:9:      layout_basic, lemuel_crystal_altar, cheibrodos_ashenzari_chains,
          enter_bailey_2, uniq_prince_ribbit1, uniq_harold
D:10:     layout_roguey [special_room_bee], david_orc_1_choice,
          grunt_qazlal_sundering
D:11:     layout_basic, dpeg_lair_monsters, serial_glass, glass_columns_b,
          glass_columns_a, item_on_display_a, feat_on_display, feat_on_display
D:12:     layout_irregular_city, uniq_fannar, uniq_psyche, uniq_nergalle
D:13:     minmay_the_grid_four_pointed_star_mashed
          [minmay_the_grid_triangle_9x9_limited_checkers,
          minmay_the_grid_triangle_9x9_swiss_cheese,
          minmay_the_grid_triangle_9x9_stretched_checkered,
          minmay_the_grid_triangle_9x9_corruption,
          minmay_the_grid_prize_shrinking_boxes], layout_stronghold,
          david_vaults_5, uniq_josephine, uniq_nessos
D:14:     layout_roguey [special_room_mythical_zoo], basic_altar,
          serial_corexii_hall, corexii_hall_statues_u,
          chequers_hall_statues_wall_a, corexii_hall_statues_x,
          corexii_hall_statues_x, minmay_misc_feat_more_columns,
          serial_bayou_lagoon_b, uniq_snorg
D:15:     gammafunk_enter_depths_forms, layout_rooms
Temple:   nicolae_temple_elliptical
Lair:1:   layout_loops_ring, lemuel_fruit_tree, serial_bayou_shore_a
Lair:2:   layout_gridlike, uniq_sonja
Lair:3:   layout_cave_pods, elwin_shoals_entry_stream, worms_lemuel
Lair:4:   layout_big_grid, nicolae_spider_entry_non_spiders
Lair:5:   layout_cave_pods, slime_altar_2
Lair:6:   evilmike_catoblepas_cave, layout_regular_city, grunt_megastairs_2
Shoals:1: layout_shoals, uniq_louise
Shoals:2: cheibrodos_shoals_baths, layout_shoals
Shoals:3: layout_shoals
Shoals:4: shoals_end_grunt_ice, layout_shoals
Spider:1: layout_spider_delve
Spider:2: layout_spider_delve
Spider:3: layout_spider_delve, nicolae_orb_stairs
Spider:4: spider_rune_water
Orc:1:    layout_caves, basic_altar, serial_shops, shop, elf_legates
Orc:2:    st_orc_ogre_mass, layout_caves, basic_altar, uniq_donald
Elf:1:    eino_elf_arrival_the_gate, layout_gridlike, hangedman_elf_disciples,
          uniq_jorgrun, uniq_azrael, uniq_nikola, uniq_kirke
Elf:2:    layout_geoelf_grid
Elf:3:    minmay_elf_hall_not_hex, layout_geoelf_grid, basic_altar
Vaults:1: v_misc_26, v_alt_pattern_1, vaults_dpeg_encased_lava, v_misc_3,
          hangedman_vaults_slither, v_misc_30, v_misc_15,
          grunt_vaults_hallway_long, hangedman_vaults_river_flow, v_misc_28,
          grunt_vaults_hallway_short, vaults_dpeg_cross, special_room_vaults
          [special_room_orc], grunt_vaults_hallway_short, vaults_dpeg_ring,
          layout_vaults_ring
Vaults:2: v_misc_16, nicolae_vaults_inception_statues, hangedman_vaults_impose,
          nicolae_vaults_triangles, v_pattern_1, hangedman_vaults_maws,
          nicolae_vaults_quartermaster, nicolae_vaults_angled_halls,
          vaults_room_pools, hangedman_vaults_pinch, layout_vaults_omnibox,
          uniq_mennas

Skill      XL: |  1  2  3  4  5  6  7  8  9 10 11 12 13 14 15 16 17 18 19 20 |
---------------+-------------------------------------------------------------+-----
Long Blades    | 3 4 5 6 7 8 9 10 11 12 13 14 15 16 17 18 | 18.2
Dodging        | 3 4 5 6 7 8 9 10 | 10.0
Fighting       | 3 4 5 6 7 9 10 11 12 13 14 15 16 17 18 19 | 19.5
Stealth        | 1 3 4 6 7 8 |  8.5
Invocations    | 4 8 10 12 14 15 | 15.1
Shields        | 3 6 8 10 11 13 14 15 | 15.2
Throwing       | |  1.7

Action                   |  1- 3 |  4- 6 |  7- 9 | 10-12 | 13-15 | 16-18 | 19-21 || total
-------------------------+-------+-------+-------+-------+-------+-------+-------++-------
Melee: Long sword        |    72 |   111 |   185 |   176 |   356 |       |       ||   900
       Headbutt          |       |    12 |    47 |   124 |   303 |   346 |   240 ||  1072
       Dagger            |       |       |    21 |   243 |   383 |   187 |   445 ||  1279
       Double sword      |       |       |       |       |   134 |   783 |   280 ||  1197
Throw: Throwing net      |       |       |     1 |     6 |     1 |       |     1 ||     9
Invok: Shadow Step       |       |       |       |     1 |     1 |     2 |       ||     4
Evoke: Wand              |       |       |     4 |    10 |     7 |     4 |       ||    25
       Phantom mirror    |       |       |       |     1 |       |       |       ||     1
       Condenser vane    |       |       |       |       |       |     1 |       ||     1
  Use: Scroll            |       |       |    11 |    16 |    18 |     8 |     5 ||    58
       Potion            |       |       |     1 |     3 |     2 |     2 |     7 ||    15
 Stab: Sleeping          |     5 |     2 |    14 |    37 |    94 |    78 |    65 ||   295
       Distracted        |       |     1 |     2 |     1 |     7 |     6 |     6 ||    23
       Invisible         |       |       |     5 |     1 |       |       |     7 ||    13
       Paralysed         |       |       |     3 |       |       |       |       ||     3
       Held in net/web   |       |       |       |     4 |     2 |     3 |       ||     9
Armor: Leather armour    |    13 |     7 |    16 |     7 |       |       |       ||    43
       Ring mail         |    16 |    24 |       |       |       |       |       ||    40
       Troll leather arm |       |       |       |    20 |    79 |   196 |    54 ||   349
Dodge: Dodged            |    48 |    93 |   173 |   329 |   477 |   610 |   351 ||  2081
Block: Buckler           |       |       |       |    13 |   216 |     3 |       ||   232
       Kite shield       |       |       |       |       |       |   675 |   496 ||  1171
       Rpst.: Long sword |    14 |    30 |    36 |    36 |    72 |       |       ||   188
       Double sword      |       |       |       |       |    19 |   114 |    25 ||   158

Table legend: (Time is in decaauts)
 A = Elapsed time spent in this place.
 B = Non-inter-level travel time spent in this place.
 C = Inter-level travel time spent in this place.
 D = Time resting spent in this place.
 E = Time spent auto-exploring this place.
 F = Levels seen in this place.
 G = Mean time per level.
                   A        B        C        D        E       F      G
               +--------+--------+--------+--------+--------+-----+--------+
         Total |  40516 |  37827 |   2689 |   6864 |  20415 |  40 | 1012.9 |
       Dungeon |  17574 |  16303 |   1271 |   3721 |   9039 |  15 | 1171.6 |
        Temple |     98 |     78 |     20 |      0 |      0 |   1 |   98.0 |
          Lair |   5682 |   5098 |    584 |    154 |   3849 |   6 |  947.0 |
        Shoals |   4249 |   4073 |    176 |    661 |   1950 |   4 | 1062.2 |
   Spider Nest |   3641 |   3489 |    152 |    528 |   1973 |   4 |  910.2 |
  Orcish Mines |   2581 |   2329 |    252 |    500 |    878 |   2 | 1290.5 |
   Elven Halls |   3859 |   3696 |    163 |    826 |   1287 |   3 | 1286.3 |
        Vaults |   2225 |   2157 |     68 |    356 |   1437 |   2 | 1112.5 |
         Abyss |    603 |    603 |      0 |    117 |      0 |   3 |  201.0 |
               +--------+--------+--------+--------+--------+-----+--------+

Top non-repeatable levels by time:
Vaults:1: 1920 daAuts
    D:10: 1777 daAuts
    D:13: 1733 daAuts
Shoals:4: 1681 daAuts
   Elf:3: 1653 daAuts
    D:11: 1426 daAuts
  Lair:3: 1402 daAuts
   Orc:1: 1353 daAuts
    D:14: 1324 daAuts
   Elf:1: 1304 daAuts
   Orc:2: 1228 daAuts
     D:4: 1211 daAuts
     D:8: 1200 daAuts
Spider:4: 1176 daAuts
     D:9: 1106 daAuts
